 Dungeon Crawl Stone Soup version 0.20.0-15-g7f486f2 (webtiles) character file.

2160 kuniqs the Skirmisher (level 9, -1/46 HPs)
             Began as a Vine Stalker Venom Mage on June 11, 2017.
             Was a Follower of Uskayaw.
             Shot with an arrow by a centaur (5 damage)
             ... on level 6 of the Dungeon.
             The game lasted 00:13:25 (5626 turns).

kuniqs the Skirmisher (Vine Stalker Venom Mage)     Turns: 5626, Time: 00:13:25

Health: -1/46      AC: 14    Str: 14    XL:     9   Next: 31%
Magic:  0/13       EV:  6    Int: 15    God:    Uskayaw [*.....]
Gold:   347        SH:  0    Dex: 18    Spells: 9/12 levels left

rFire    . . .     SeeInvis .   j - +0 dagger (venom)
rCold    . . .     Gourm    .   (no shield)
rNeg     . . .     Faith    .   t - +0 plate armour
rPois    .         Spirit   +   a - +0 helmet
rElec    .         Reflect  .   (no cloak)
rCorr    .         Harm     .   (no gloves)
MR       +....                  w - +0 pair of boots
Stlth    ..........             (no amulet)
Regen    0.6/turn               F - +3 ring of dexterity
MPRegen  0.2/turn               (no ring)

@: no status effects
A: fangs 3, regeneration 1, magic shield, antimagic bite, no potion heal 3, rot
immunity
a: Stomp, Renounce Religion


You were on level 6 of the Dungeon.
You worshipped Uskayaw.
Uskayaw was noncommittal.
You were not hungry.

You visited 1 branch of the dungeon, and saw 6 of its levels.

You collected 347 gold pieces.

Inventory:

Hand Weapons
 j - a +0 dagger of venom (weapon)
 A - a +2 whip of electrocution
Armour
 a - a +0 helmet (worn)
 t - a +0 plate armour (worn)
 w - a +0 pair of boots (worn)
Jewellery
 F - a +3 ring of dexterity (left hand)
Wands
 c - a wand of paralysis (1/24)
 v - a wand of flame (12/48)
Scrolls
 g - a scroll of random uselessness
 k - a scroll of fear
 p - 3 scrolls of identify {@r1}
 s - a scroll of fog
 u - a scroll of teleportation
 y - a scroll of amnesia
 C - a scroll of enchant weapon {unknown}
 E - 2 scrolls of remove curse {@r2}
 G - a scroll of blinking {unknown}
Potions
 h - 4 potions of might {unknown}
 i - a potion of brilliance {unknown}
 l - 2 potions of curing {unknown}
 n - 3 potions of lignification {unknown}
 o - a potion of heal wounds {unknown}
 q - 3 potions of flight {unknown}
 r - a potion of agility {unknown}
 x - a potion of invisibility {unknown}
 z - a potion of ambrosia {unknown}
 D - a potion of resistance {unknown}
 H - a potion of mutation {unknown}
Books
 b - a Young Poisoner's Handbook

   Spells                             Type                      Level
   a - Sting                          Conjuration/Poison           1
   b - Poisonous Vapours              Poison/Air                   2
   c - Mephitic Cloud                 Conjuration/Poison/Air       3
   d - Olgreb's Toxic Radiance        Poison                       4
   e - Venom Bolt                     Conjuration/Poison           5
Comestibles
 d - 5 bread rations
 e - 3 meat rations
 f - 6 fruits
 m - 5 royal jellies
 B - 6 chunks of flesh


   Skills:
 + Level 4.8 Fighting
 + Level 4.8 Short Blades
 + Level 4.4 Armour
 + Level 4.8 Dodging
 - Level 2.4 Stealth
 - Level 2.1 Spellcasting
 - Level 1.0 Conjurations
 - Level 3.0 Poison Magic
 + Level 4.5 Invocations


You had 9 spell levels left.
You knew the following spells:

 Your Spells              Type           Power        Failure   Level  Hunger
a - Sting                 Conj/Pois      #...         100%        1    #......
b - Poisonous Vapours     Pois/Air       #.....       100%        2    ###....


Dungeon Overview and Level Annotations

Branches:
Dungeon (6/15)
 Temple: D:4-7

Altars:
Makhleb
Nemelex Xobeh
Ru
Uskayaw
The Shining One

Annotations:
D:6 1 transporter


Innate Abilities, Weirdness & Mutations

You have razor-sharp teeth.
Your natural rate of healing is unusually fast.
When hurt, damage is shared between your health and your magic reserves.
Your bite disrupts and absorbs the magic of your enemies.
Potions cannot restore your health.
You are immune to rotting.


Message History

The centaur shoots an arrow.
The arrow hits you.
You see here an arrow.
The centaur unwields an uncursed shortbow.
The centaur hits you but does no damage.
The centaur wields an uncursed shortbow.
The centaur shoots an arrow.
The arrow hits you.
The centaur shoots an arrow.
The arrow hits you!
* * * LOW HITPOINT WARNING * * *
You see here 2 arrows.
The centaur shoots an arrow.
The arrow hits you!
* * * LOW HITPOINT WARNING * * *
Things that are here:
an arrow; an uncursed ring of teleportation; a hand axe Evoke which item? (* to show all) (? for menu, Esc to quit)
Aiming: Paralyse
Press: ? - help, Shift-Dir - straight line, f - centaur
Aim: a centaur, wielding a shortbow (chance to defeat MR: 46%)
The centaur resists with some effort.
This wand has 1 charge left.
The centaur shoots an arrow.
The arrow hits you.
You die...

#.###)##..# #.......#
#.# #.##..###..###.##
#.# #...)......# #.#
#.####....###.####.###
#....................#
#......<......c###.#.#
##..##.###.#.(=...#..#
#..##.# #.#(#.###.#.#
#..##.# #.#@#(# #...#
#..##.# #.#.#o# #...#
#..##.# ..#.#o# #...#
#..##.# ###.#(###...#
...#....###.#.##....#
.................)..#
.....#######.#.## #.#.
##.#)# # #####..))#


You could see a centaur.

Vanquished Creatures
  Pikel (D:4)
  Sigmund (D:2)
  2 phantoms
  2 orc warriors (D:6)
  3 ogres (D:5)
  A scorpion (D:4)
  A howler monkey (D:4)
  A crimson imp (D:5)
  A bullfrog zombie (D:5)
  A quasit (D:5)
  2 orc priests
  A jelly (D:5)
  A gnoll shaman (D:5)
  3 hounds
  3 orc wizards
  Jessica (D:2)
  An iguana (D:3)
  4 worker ants
  Robin (D:2)
  A worker ant zombie (D:5)
  8 gnolls
  4 adders
  5 oozes
  4 worms
  6 dart slugs
  9 leopard geckos
  20 orcs
  5 giant cockroaches
  13 goblins
  10 hobgoblins
  A jackal (D:5)
  3 quokkas
  3 ball pythons
  5 bats
  A frilled lizard (D:1)
  8 kobolds
  2 leopard gecko skeletons
  A quokka skeleton (D:5)
  9 rats
149 creatures vanquished.

Vanquished Creatures (others)
  A slave (D:5)
  A jackal (D:5)
2 creatures vanquished.

Grand Total: 151 creatures vanquished

Notes
Turn   | Place    | Note
-------+----------+-------------------------------------------
     0 | D:1      | kuniqs the Vine Stalker Venom Mage began the quest for the Orb.
     0 | D:1      | Reached XP level 1. HP: 9/9 MP: 4/4
   158 | D:1      | Reached XP level 2. HP: 14/14 MP: 3/6
   162 | D:1      | Learned a level 2 spell: Poisonous Vapours
   246 | D:1      | Reached skill level 1 in Fighting
   425 | D:1      | Reached XP level 3. HP: 15/18 MP: 5/7
   592 | D:1      | Found a sparkling altar of Nemelex Xobeh.
   643 | D:1      | Reached skill level 1 in Armour
  1249 | D:2      | Noticed Sigmund
  1277 | D:2      | Killed Sigmund
  1277 | D:2      | Gained mutation: Your natural rate of healing is unusually fast. [Vine Stalker growth]
  1277 | D:2      | Reached XP level 4. HP: 15/23 MP: 0/8
  1277 | D:2      | Reached XP level 5. HP: 17/26 MP: 0/9
  1384 | D:2      | Noticed Robin
  1401 | D:2      | Killed Robin
  1434 | D:2      | Reached XP level 6. HP: 32/32 MP: 8/10
  1500 | D:2      | Noticed Jessica
  1506 | D:2      | Killed Jessica
  1841 | D:2      | Found a burning altar of Makhleb.
  1852 | D:2      | Noticed a hand axe
  1852 | D:2      | Noticed a dagger
  1853 | D:2      | Found a hide-covered altar of Uskayaw.
  1860 | D:2      | Became a worshipper of Uskayaw the Reveler
  2169 | D:3      | Reached * piety under Uskayaw
  2311 | D:3      | Reached ** piety under Uskayaw
  2466 | D:3      | Found a glowing golden altar of the Shining One.
  2938 | D:4      | Reached skill level 1 in Invocations
  3017 | D:3      | Reached XP level 7. HP: 27/35 MP: 11/11
  3658 | D:5      | Entered Level 5 of the Dungeon
  3778 | D:5      | Noticed Pikel
  3792 | D:4      | Killed Pikel
  3792 | D:4      | Gained mutation: You have razor-sharp teeth. [Vine Stalker growth]
  3792 | D:4      | Reached XP level 8. HP: 42/42 MP: 12/12
  4247 | D:5      | Reached *** piety under Uskayaw
  4250 | D:5      | Reached **** piety under Uskayaw
  4624 | D:5      | Reached XP level 9. HP: 46/46 MP: 13/13
  4684 | D:5      | Found a sacrificial altar of Ru.
  5081 | D:6      | Found a transporter.
  5397 | D:6      | Got a brightly glowing iron ring
  5398 | D:6      | Identified a ring "Maicweemozi" {rF+ MR- Str+9 Slay-6} (You found it on level 6 of the Dungeon)
  5399 | D:6      | HA HA NO
  5624 | D:6      | HP: 2/46 [centaur/arrow (9)]
  5626 | D:6      | Shot with an arrow by a centaur

Skill      XL: |  1  2  3  4  5  6  7  8 |
---------------+-------------------------+-----
Dodging        | 2 3 4 |  4.8
Fighting       | 1 2 3 4 |  4.8
Armour         | 1 2 3 4 |  4.4
Short Blades   | 2 3 4 |  4.8
Invocations    | 1 3 4 |  4.5
Stealth        | |  2.4
Spellcasting   | |  2.1
Conjurations   | |  1.0
Poison Magic   | |  3.0

Action                   |  1- 3 |  4- 6 |  7- 9 || total
-------------------------+-------+-------+-------++-------
Melee: Short sword       |    29 |       |       ||    29
       Spear             |     5 |       |       ||     5
       Bite              |     9 |    55 |    84 ||   148
       Dagger            |    28 |   178 |   145 ||   351
       Whip              |       |       |   154 ||   154
 Cast: Sting             |    15 |       |       ||    15
       Poisonous Vapours |    11 |     3 |       ||    14
Evoke: Wand              |       |       |     3 ||     3
  Use: Scroll            |       |       |     8 ||     8
 Stab: Sleeping          |     1 |     2 |       ||     3
       Paralysed         |       |       |    12 ||    12
  Eat: Chunk             |     2 |     6 |     9 ||    17
Armor: Robe              |    15 |     2 |       ||    17
       Plate armour      |       |    47 |   203 ||   250
       Ring mail         |       |    15 |       ||    15
       Scale mail        |       |     6 |       ||     6
Dodge: Dodged            |    39 |    68 |    55 ||   162
